 Dungeon Crawl Stone Soup version 0.29.1-15-g9cfb28693d (webtiles) character file.

Game seed: 5541272842739017004

9 Ast3rio the Insei (level 2, -5/22 HPs)
             Began as a Djinni Transmuter on Mar 13, 2023.
             Frozen to death by an endoplasm (7 damage)
             ... on level 1 of the Dungeon.
             The game lasted 00:00:22 (324 turns).

Ast3rio the Insei (Djinni Transmuter)                Turns: 324, Time: 00:00:22

Health: -5/22      AC:  2    Str:  9    XL:     2   Next: 25%
Gold:   10         EV: 12    Int: 14    God:
                   SH:  0    Dex: 13

rFire   + + .      SeeInvis .     - Unarmed
rCold   x . .      Faith    .   (no shield)
rNeg    . . .      Spirit   .   a - +0 robe
rPois   ∞          Reflect  .   (no helmet)
rElec   .          Harm     .   (no cloak)
rCorr   .          Rampage  .   (no gloves)
Will    .....                   (boots unavailable)
Stlth   +.........              (no amulet)
HPRegen 0.07/turn               (no ring)
MPRegen 0.00/turn               (no ring)

@: flying
A: sickness immunity, fire resistance 2, cold vulnerability 1, float, innate
caster, HP casting, extra vitality 1
a: no special abilities


You were on level 1 of the Dungeon.
You visited 1 branch of the dungeon, and saw 1 of its levels.

You collected 10 gold pieces.

Inventory:

Armour
 a - a +0 robe (worn)
Scrolls
 c - a scroll of identify {unknown}
Potions
 b - 2 potions of lignification


   Skills:
 + Level 1.3 Fighting
 + Level 2.4 Dodging
 + Level 3.1 Unarmed Combat
 + Level 1.7 Spellcasting


You couldn't memorise any spells.
You knew the following spells:

 Your Spells              Type           Power      Damage    Failure   Level
a - Beastly Appendage     Tmut           12%        N/A       12%         1
b - Wereblood             Tmut           6%         N/A       19%         2
c - Spider Form           Tmut/Pois      6%         N/A       34%         3
d - Ice Form              Ice/Tmut       6%         N/A       75%         4
Your spell library was empty.

Dungeon Overview and Level Annotations

Branches:
Dungeon (1/15)

Altars:


Innate Abilities, Weirdness & Mutations

You are immune to sickness and miasma.
You are immune to poison.
Your flesh is very heat resistant. (rF++)
You are vulnerable to cold. (rC-)
You float through the air rather than walking.
You learn spells naturally, not from books.
Your magical power is your life essence.
You have superior vitality. (+4 MHP)


Message History

An endoplasm comes into view.
The dart slug bites you but does no damage.
You hit the dart slug but do no damage. The dart slug barely misses you.
You hit the ball python.
The ball python is heavily wounded.
The ball python barely misses you. The ball python misses you.
You closely miss the ball python.
The ball python is heavily wounded.
The ball python barely misses you. The ball python grabs you.
The ball python constricts you. The dart slug barely misses you.
You hit the ball python.
You kill the ball python!
The dart slug barely misses you.
You have reached level 2!
You hit the dart slug but do no damage. You hit the dart slug.
The dart slug is moderately wounded.
The dart slug bites you.
You hit the dart slug.
The dart slug is heavily wounded.
The endoplasm freezes you.
You are frozen!
You feel a terrible chill!
You are too injured to fight recklessly!
You are too injured to fight recklessly!
You are too injured to fight recklessly!
You are too injured to fight recklessly!
You hit the dart slug.
The dart slug is severely wounded.
The endoplasm barely misses you. The dart slug bites you.
You hit the dart slug.
You kill the dart slug!
The endoplasm freezes you.
You are frozen!
You feel a terrible chill!
* * * LOW HITPOINT WARNING * * *
The endoplasm hits you but does no damage.
You hit the endoplasm.
The endoplasm is lightly wounded.
The endoplasm freezes you.
You are frozen!
You feel a terrible chill!
You die...

..########.....###.##.†......#
....####......##
#..............
.............##
##............##
...........### #.#.^.........#
##.......### ##
#.#^_.........#
#############.##.#..^........#
.........##.........##
........##..........#
......J@# .......... ..?.....#
#........ .......(# ......#.#
.....##.. ##### #.. #.# ###


You could see an endoplasm.

Vanquished Creatures
  A dart slug (D:1)
  A ball python (D:1)
  A giant cockroach (D:1)
  A hobgoblin (D:1)
  A quokka (D:1)
  A frilled lizard (D:1)
  A rat (D:1)
7 creatures vanquished.

Notes
Turn   | Place    | Note
-------+----------+-------------------------------------------
     0 | D:1      | Ast3rio the Djinni Transmuter began the quest for the Orb.
     0 | D:1      | Ast3rio set off with the following spells memorised:
                  | Beastly Appendage, Wereblood, Spider Form, Ice Form.
     0 | D:1      | Reached XP level 1. HP: 17/17 MP: 0/0
   228 | D:1      | Found a faded altar of an unknown god.
   318 | D:1      | Reached XP level 2. HP: 17/22 MP: 0/0
   324 | D:1      | Frozen to death by an endoplasm

Illustrated notes

Levels and vault maps discovered:
D:1:      dpeg_arrival_snail, layout_rooms, ebering_ecumenical_altar_webs,
          minivault_5

Action                   || total
-------------------------++-------
Melee: Unarmed           ||    31
 Stab: Sleeping          ||     1
Armor: Robe              ||     3
Dodge: Dodged            ||    20
